 Dungeon Sprint DCSS version 0.15-a0-970-ga23ad50 (webtiles) character file.

81 Bubba the Insei (level 4, -10/28 HPs)
             Began as an Octopode Transmuter on May 23, 2014.
             Was an Elder of Cheibriados.
             Mangled by a flying skull (12 damage)
             ... in the Dungeon (Sprint VII: "The Pits").
             The game lasted 00:06:45 (369 turns).

Bubba the Insei (Octopode Transmuter)                Turns: 369, Time: 00:06:45

HP -10/28        AC  1     Str 19      XL: 4   Next: 40%
MP   9/11        EV 13     Int 24      God: Cheibriados [****..]
Gold 0           SH  0     Dex 21      Spells:  1 memorised, 10 levels left

rFire  . . .     SeeInvis .       - Unarmed
rCold  . . .     Clarity  .     (no shield)
rNeg   . . .     Conserve .     (helmet restricted)
rPois  .         rCorr    .     (no amulet)
rElec  .         rRot     .     (no ring)
SustAb .         Spirit   .     (no ring)
rMut   .         Warding  .     (no ring)
Gourm  .         NoTele   +     (no ring)
MR     .....                    (no ring)
                                (no ring)
                                (no ring)
                                (no ring)

@: appendage (expiring), lethally poisoned, very slow, not resistant to hostile
enchantments, stealthy
A: almost no armour, amphibious, 8 rings, constrict 8, tentacle spike 3,
camouflage 1, gelatinous body 1
a: End Transformation, Bend Time, Temporal Distortion, Slouch, Renounce Religion


You were in the Dungeon.
You worshipped Cheibriados.
Cheibriados was greatly pleased with you.
You were not hungry.
One of your tentacles had a temporary spike.
You visited 1 branch

Inventory:

Missiles
 b - 12 arrows
Comestibles
 a - 8 bread rations
 c - 40 strawberries
 k - 7 meat rations
Scrolls
 j - a scroll of blinking
 m - 2 scrolls of vulnerability
 n - 3 scrolls of remove curse
 o - 5 scrolls of amnesia
 p - a scroll of summoning
Potions
 e - 6 potions of curing
 f - 5 potions of heal wounds
 h - 4 potions of magic
 l - 2 potions of invisibility
Books
 d - a book of Changes

   Spells                             Type                      Level
   *Beastly Appendage                 Transmutation                1
   Sticks to Snakes                   Transmutation                2
   Spider Form                        Transmutation/Poison         3
   Ice Form                           Ice/Transmutation            4
   Blade Hands                        Transmutation                5


   Skills:
 + Level 1.6 Fighting
 - Level 2.1 Dodging
 + Level 3.6 Stealth
 + Level 6.2 Unarmed Combat
 + Level 4.1 Spellcasting
 + Level 3.8 Transmutations


You had 10 spell levels left.
You knew the following spells:

 Your Spells              Type           Power        Failure   Level  Hunger
a - Beastly Appendage     Trmt           ###...       1%          1    None


Dungeon Overview and Level Annotations

Branches:
Dungeon (1/1)

Altars:
Ashenzari
Cheibriados
Dithmenos
Elyvilon
Fedhas
Kikubaaqudgha
Makhleb
Nemelex Xobeh
Okawaru
Qazlal
Sif Muna
Trog
Vehumet
Xom
Yredelemnul
Zin
The Shining One
Beogh
Jiyva
Lugonu


Innate Abilities, Weirdness & Mutations

You cannot wear most types of armour.
You are amphibious.
You can wear up to eight rings at the same time.
You can use your tentacles to constrict many enemies at once.
Your skin changes colour to match your surroundings (Stealth).
Your rubbery body absorbs attacks (AC +1).
One of your tentacles bears a large vicious spike.


Message History

You tentacle-slap the flying skull but do no damage.
Your grab misses the flying skull.
Your tentacle spike misses the flying skull.
Your squeeze misses the flying skull. The flying skull misses you.
The flying skull misses you.
You closely miss the flying skull. You grab the flying skull.
You squeeze the flying skull!
The flying skull is moderately damaged.
You constrict the flying skull, but do no damage.
You feel sick. The flying skull hits you!
You release your grip on the flying skull.
The flying skull hits you.
* * * LOW HITPOINT WARNING * * *
The flying skull barely misses you. x2
The flying skull barely misses you.
Your transformation is almost over.
The flying skull hits you.
* * * LOW HITPOINT WARNING * * *
The flying skull hits you!
You die...

#.#))#...%.##.....
#.#))#.....##.....
#.#[[###'####.....
#.##'#..).%##...<.
#.#........##.....
#.#........##.....
#'###########.....
#.......# ######
#@###...# #z#
5...# #5#...#
#.....# #...###
#s..... ########


You could see a flying skull, an iron imp and a giant cockroach (sleeping).

Vanquished Creatures
  A crimson imp (D)
  A worker ant (D)
  A gnoll (D)
  A giant eyeball (D)
  A bat (D)
  A goblin (D)
  A hobgoblin (D)
  2 jackals (D)
  A giant newt (D)
  A rat (D)
11 creatures vanquished.

Notes
Turn   | Place    | Note
--------------------------------------------------------------
     0 | D        | Bubba, the Octopode Transmuter, began the quest for the Orb.
     0 | D        | Reached XP level 1. HP: 13/13 MP: 3/3
    28 | D        | Found a basalt altar of Yredelemnul.
    28 | D        | Found a shadowy altar of Dithmenos.
    28 | D        | Found a deep blue altar of Sif Muna.
    28 | D        | Found a burning altar of Makhleb.
    28 | D        | Found a shimmering altar of Xom.
    28 | D        | Found an ancient bone altar of Kikubaaqudgha.
    28 | D        | Found a sparkling altar of Nemelex Xobeh.
    29 | D        | Found a glowing golden altar of the Shining One.
    29 | D        | Found a bloodstained altar of Trog.
    29 | D        | Found a shattered altar of Ashenzari.
    29 | D        | Found a white marble altar of Elyvilon.
    29 | D        | Found a snail-covered altar of Cheibriados.
    29 | D        | Found a blossoming altar of Fedhas.
    29 | D        | Found a radiant altar of Vehumet.
    29 | D        | Found a glowing silver altar of Zin.
    29 | D        | Found a corrupted altar of Lugonu.
    29 | D        | Found a viscous altar of Jiyva.
    29 | D        | Found a roughly hewn altar of Beogh.
    29 | D        | Found an iron altar of Okawaru.
    39 | D        | Found a stormy altar of Qazlal.
    45 | D        | Became a worshipper of Cheibriados the Contemplative
    78 | D        | Reached skill level 4 in Unarmed Combat
   133 | D        | Reached XP level 2. HP: 16/18 MP: 3/5
   169 | D        | Noticed a crimson imp
   178 | D        | Killed a crimson imp
   178 | D        | Acquired Cheibriados' first power
   178 | D        | Reached skill level 5 in Unarmed Combat
   178 | D        | Reached XP level 3. HP: 7/23 MP: 6/8
   184 | D        | Acquired Cheibriados' second power
   354 | D        | Noticed an iron imp
   358 | D        | Noticed a worker ant
   359 | D        | Noticed a flying skull
   362 | D        | Killed a worker ant
   362 | D        | Reached skill level 6 in Unarmed Combat
   362 | D        | Reached XP level 4. HP: 19/28 MP: 9/11
   369 | D        | Mangled by a flying skull

Action                   |  1- 3 |  4- 6 || total
-------------------------+-------+-------++-------
Melee: Unarmed           |    24 |     4 ||    28
 Cast: Beastly Appendage |     5 |       ||     5
  Use: Potion            |     1 |       ||     1
 Stab: Sleeping          |     3 |       ||     3
